 Dungeon Crawl Stone Soup version 0.25.0-37-gb73750e0fb (webtiles) character file.

Game seed: 4349324353420934891

479 DocSulfur the Cudgeler (level 7, -6/60 HPs)
             Began as a Naga Warper on July 8, 2020.
             Mangled by an ogre
             ... wielding a +0 giant club
              (24 damage)
             ... on level 4 of the Dungeon.
             The game lasted 00:22:41 (5425 turns).

DocSulfur the Cudgeler (Naga Warper)                Turns: 5425, Time: 00:22:42

Health: -6/60      AC:  4    Str: 13    XL:     7   Next: 11%
Magic:  13/13      EV:  8    Int: 16    God:
Gold:   212        SH:  4    Dex: 10    Spells: 11/14 levels left

rFire    . . .     SeeInvis +   a - +0 mace
rCold    . . .     Gourm    .   m - +0 buckler
rNeg     . . .     Faith    .   j - +0 ring mail
rPois    +         Spirit   .   (no helmet)
rElec    .         Reflect  .   (no cloak)
rCorr    .         Harm     .   (no gloves)
MR       .....                  (no barding)
Stlth    ..........             (no amulet)
HPRegen  0.20/turn              (no ring)
MPRegen  0.13/turn              (no ring)

@: very slightly contaminated, very slow
A: large, see invisible, deformed body, poison resistance, slowness 2, slow
metabolism 1, spit poison 1, AC +2
a: Spit Poison


You were on level 4 of the Dungeon.
You were not hungry.

You visited 1 branch of the dungeon, and saw 4 of its levels.

You collected 212 gold pieces.

Inventory:

Hand Weapons
 a - a +0 mace (weapon)
 n - a +0 hunting sling
Missiles
 h - 167 stones (quivered)
Armour
 b - a +0 leather armour
 j - a +0 ring mail (worn)
 m - a +0 buckler (worn)
Jewellery
 p - a cursed ring of attention {unknown}
Wands
 l - a wand of polymorph (4)
 y - a wand of paralysis (8)
Scrolls
 d - 3 scrolls of blinking
 i - 3 scrolls of identify {unknown}
 k - a scroll of enchant weapon {unknown}
 q - a scroll of enchant armour {unknown}
 t - a scroll of noise {unknown}
 v - 4 scrolls of remove curse {unknown}
 w - a scroll of fear {unknown}
 x - a scroll of teleportation {unknown}
Potions
 c - 2 potions of haste {unknown}
 e - 2 potions of heal wounds
 o - 3 potions of curing {unknown}
 r - 2 potions of brilliance {unknown}
 s - a potion of berserk rage {unknown}
 u - a potion of cancellation {unknown}
 z - a potion of magic {unknown}
 B - a potion of flight {unknown}
Comestibles
 f - 8 rations


   Skills:
 - Level 2.0 Fighting
 * Level 5.2 Maces & Flails
 + Level 1.5 Throwing
 - Level 0.7 Armour
 - Level 1.5 Dodging
 - Level 2.4 Shields
 - Level 4.0 Spellcasting
 - Level 3.0 Translocations


You had 11 spell levels left.
You knew the following spells:

 Your Spells              Type           Power        Failure   Level  Hunger
a - Lesser Beckoning      Tloc           ##........   30%         3    ###....

Your spell library contained the following spells:

 Spells                   Type           Power        Failure   Level  Hunger
 Blink                    Tloc           N/A          16%         2    ##.....
 Shroud of Golubria       Chrm/Tloc      #.....       28%         2    ##.....
 Gell's Gravitas          Tloc           ##........   30%         3    ###....
 Teleport Other           Tloc           ##......     30%         3    ###....
 Passage of Golubria      Tloc           N/A          71%         4    ####...


Dungeon Overview and Level Annotations

Branches:
Dungeon (4/15)
 Temple: D:4-7

Altars:
Gozag
Okawaru
Qazlal
Sif Muna
Trog
Vehumet

Shops:
D:2 *


Innate Abilities, Weirdness & Mutations

You cannot wear boots.
Your serpentine skin is tough. (AC +2)
You have supernaturally acute eyesight. (SInv)
Armour fits poorly on your strangely shaped body.
Your system is resistant to poisons. (rPois)
You cover ground very slowly.
You have a slow metabolism.
You can spit poison.


Message History

You throw a poisoned dart. The poisoned dart hits the ogre.
The ogre looks even sicker.
The ogre is heavily wounded.
Throwing (i - inventory)
h - 167 stones (quivered)
Press: ? - help, Shift-Dir - straight line, f/p - ogre
Aim: an ogre, wielding a +0 giant club (severely wounded, very poisoned)
Okay, then.
Okay, then.
It was a potion of heal wounds.
You feel much better.
You hit the ogre but do no damage.
The ogre is severely wounded.
The ogre hits you with a +0 giant club!
You hit the ogre but do no damage.
The ogre is almost dead.
The ogre hits you with a +0 giant club!
* * * LOW HITPOINT WARNING * * *
You hit the ogre but do no damage.
The ogre is almost dead.
The ogre hits you with a +0 giant club!!
You die...

###########
#.(((.....#
#(#######.########
#.
#.....O@.....###
#.
#.###)######.#.###
#.###[###.#
#.(.....##
#.........#
#.#......######
#####.#####
#.#............
#.#
#.#.#....######
##.## #.#.....##
#...## #.###.#.#
#....# #.###'#.#


You could see an ogre (very poisoned).

Vanquished Creatures
  2 ogres (D:4)
  A scorpion (D:4)
  3 hounds (D:4)
  A worker ant (D:4)
  4 adders
  2 oozes (D:3)
  3 worms
  2 leopard geckos
  5 orcs
  A ball python (D:3)
  5 bats
  4 giant cockroaches
  11 goblins
  7 hobgoblins
  8 jackals
  7 kobolds
  4 quokkas
  3 frilled lizards
  A quokka skeleton (D:4)
  12 rats
86 creatures vanquished.

Notes
Turn   | Place    | Note
-------+----------+-------------------------------------------
     0 | D:1      | DocSulfur the Naga Warper began the quest for the Orb.
     0 | D:1      | Reached XP level 1. HP: 19/19 MP: 3/3
   198 | D:1      | Reached XP level 2. HP: 26/26 MP: 5/5
  1525 | D:2      | Reached XP level 3. HP: 18/32 MP: 7/7
  1533 | D:2      | Reached skill level 3 in Maces & Flails
  1832 | D:2      | Found an iron altar of Okawaru.
  2056 | D:2      | Reached XP level 4. HP: 26/39 MP: 8/8
  2287 | D:2      | Found a radiant altar of Vehumet.
  2370 | D:2      | Found a shimmering blue altar of Sif Muna.
  2590 | D:2      | Found an opulent altar of Gozag.
  2593 | D:2      | Found Gozag's Platinum Reserve.
  3564 | D:3      | Reached XP level 5. HP: 45/45 MP: 10/10
  3975 | D:3      | Found a bloodstained altar of Trog.
  4131 | D:4      | Reached skill level 4 in Maces & Flails
  4247 | D:4      | Found a stormy altar of Qazlal.
  4282 | D:4      | Reached skill level 1 in Shields
  4331 | D:4      | Noticed an ogre
  4341 | D:4      | Killed an ogre
  4341 | D:4      | Reached XP level 6. HP: 36/52 MP: 10/12
  4472 | D:4      | Learned a level 3 spell: Lesser Beckoning
  4509 | D:4      | Reached skill level 1 in Throwing
  5157 | D:4      | Reached skill level 5 in Maces & Flails
  5157 | D:4      | Reached XP level 7. HP: 22/60 MP: 13/13
  5425 | D:4      | Mangled by an ogre

Illustrated notes

Levels and vault maps discovered:
D:1:      wander_arrival_fairy_ring, layout_basic, minivault_27,
          minmay_pentomino_s2
D:2:      minmay_diamond_boxcup, layout_basic, nicolae_overflow_hidden_temple,
          fiery_altar_vehumet, nicolae_gozag_zags_fifth_avenue,
          nicolae_overflow_crystal_walls
D:3:      layout_loops_ring, old_standard_altar, first_ration
D:4:      layout_loops_corners, marbit_many_paths, lemuel_round_altar,
          kennysheep_another_room

Skill      XL: |  1  2  3  4  5  6 |
---------------+-------------------+-----
Maces & Flails | 3 4 5 |  5.2
Spellcasting   | 3 4 |  4.0
Shields        | 1 2 |  2.4
Throwing       | 1 |  1.5
Fighting       | |  2.0
Armour         | |  0.7
Dodging        | |  1.5
Translocations | |  3.0

Action                   |  1- 3 |  4- 6 |  7- 9 || total
-------------------------+-------+-------+-------++-------
Melee: Mace              |   104 |   214 |     9 ||   327
 Fire: Hunting sling     |       |    33 |       ||    33
Throw: Dart              |    65 |    44 |     4 ||   113
       Boomerang         |     5 |       |       ||     5
       Stone             |       |     1 |       ||     1
  Use: Scroll            |       |     1 |     1 ||     2
       Potion            |       |       |     1 ||     1
  Eat: Chunk             |     2 |     9 |       ||    11
Armor: Leather armour    |    10 |       |       ||    10
       Ring mail         |    30 |    80 |     1 ||   111
Dodge: Dodged            |    70 |    96 |       ||   166
Block: Buckler           |       |    19 |     1 ||    20
